Unix NetHack Version 3.7.0-102 Work-in-progress - last build Apr 6 2024 13:22:21 (d302a6a9ff6341f1a922d8f5af178406b35fdf99,branch:master). Game began 2024-04-14 07:39:36, ended 2024-04-16 17:09:42. spontiff, neutral male gnomish Healer -------- ------ #-.......# --------- ------------ |....-######## #|......| ####-.......|#########-..........| |....| ##|......| # |........# |.......f@.| |.....## ## ----...| # |.......| #-..........| |....| ## #################|....## |.......| ##|..........| |....-#####---------## #|...|#####|.......| ---|----|--- |....| # |.......-# #----- # #........| # # ------ ###|.......| # ###### --|------ # #.(......| ### # ### |.....>..## ## ----#.--- # ## ## ) #### ######---- ----|- #...| |....| |..| |....| ---- |....| ------ Spontiff the Rhizotomist St:8 Dx:8 Co:18 In:9 Wi:16 Ch:18 Neutral S:1225 Dlvl:1 $:0 HP:33(33) Pw:0(0) AC:-9 Xp:1/1 T:15863 Burdened Latest messages: You stop. Your large cat is in the way! You see here an orcish helm. You have trouble lifting an orcish helm. Continue? [ynq] (q) y You have trouble lifting j - an orcish helm. You rebalance your load. Movement is difficult. You swap places with your large cat. What do you want to drop? [f-hj-ln-tv-zESVZ or ?*] j You drop an orcish helm. Your movements are only slowed slightly by your load. You see here an orcish helm. You have trouble lifting an orcish helm. Continue? [ynq] (q) y You have trouble lifting j - an orcish helm. You rebalance your load. Movement is difficult. What do you want to take off? [ghqrv or ?*] h You finish taking off your helm. What do you want to wear? [hj or ?*] j You finish your dressing maneuver. What do you want to take off? [gjqrv or ?*] j You finish taking off your helm. What do you want to drop? [f-hj-ln-tv-zESVZ or ?*] j You drop a +0 orcish helm. Your movements are only slowed slightly by your load. What do you want to wear? [h or ?*] h You finish your dressing maneuver. Where do you want to travel to? (For instructions type a '?') You swap places with your large cat. The large cat picks up a +0 orcish helm. The large cat drops a +0 orcish helm. You swap places with your large cat. You swap places with your large cat. You see here an orcish dagger. You begin bashing monsters with your gloved hands. You kill the grid bug! #oh ffs: unknown extended command. Where do you want to travel to? (For instructions type a '?') The large cat drops an orcish dagger. What do you want to use or apply? [fklostwxzSVZ or ?*] o You produce a strange whistling sound. Your large cat appears. You climb up the stairs. Where do you want to travel to? (For instructions type a '?') You hear the footsteps of a guard on patrol. You hear someone searching. You swap places with your large cat. Beware, there will be no return! Still climb? [yn] (n) y Do you want your possessions identified? [ynq] (y) y Do you want to see the dungeon overview? [ynq] (y) y Inventory: Armor h - a blessed greased +1 orcish helm (being worn) g - an uncursed +1 pair of leather gloves (being worn) v - an uncursed +0 pair of high boots (being worn) r - an uncursed +0 small shield (being worn) q - an uncursed greased +0 cloak of protection (being worn) Comestibles y - an uncursed berried treasure n - 3 uncursed food rations p - an uncursed tripe ration Wands V - a cursed wand of fire (0:2) S - an uncursed wand of sleep (0:2) Tools f - an uncursed greased bag of holding containing 98 items Z - an uncursed bag of tricks (0:12) z - an uncursed leash k - an uncursed lock pick x - a cursed magic lamp (lit) o - an uncursed magic whistle w - an uncursed mirror s - an uncursed stethoscope t - an uncursed towel named CoPoSl Ty Gems/Stones E - 2 uncursed emeralds l - an uncursed luckstone Contents of the bag of holding: 2681 gold pieces a cursed amulet of guarding an uncursed +1 orcish helm a cursed +1 pair of leather gloves a cursed -3 cloak of displacement a cursed +0 cloak of magic resistance a cursed +0 cloak of magic resistance an uncursed +0 mummy wrapping a cursed +1 robe an uncursed eucalyptus leaf 2 uncursed fortune cookies an uncursed lembas wafer 4 cursed lembas wafers an uncursed tripe ration a cursed scroll of amnesia a blessed scroll of blank paper 12 uncursed scrolls of blank paper 5 cursed scrolls of blank paper a cursed scroll of confuse monster a blessed scroll of create monster 2 uncursed scrolls of create monster 2 cursed scrolls of create monster an uncursed scroll of destroy armor an uncursed scroll of fire a cursed scroll of fire a cursed scroll of gold detection a blessed scroll of identify 2 uncursed scrolls of identify a cursed scroll of identify 2 uncursed scrolls of light a cursed scroll of light 2 cursed scrolls of remove curse an uncursed scroll of scare monster a blessed scroll of teleportation an uncursed scroll of teleportation a cursed spellbook of confuse monster a cursed spellbook of confuse monster a cursed spellbook of confuse monster a cursed spellbook of detect monsters a cursed spellbook of force bolt an uncursed spellbook of healing an uncursed spellbook of levitation an uncursed spellbook of magic missile a cursed spellbook of slow monster a cursed spellbook of slow monster an uncursed potion of booze an uncursed potion of enlightenment an uncursed potion of extra healing a cursed potion of fruit juice a cursed potion of gain energy a cursed potion of hallucination 6 cursed potions of healing a blessed potion of invisibility an uncursed potion of paralysis a cursed potion of paralysis an uncursed potion of see invisible a cursed potion of sickness an uncursed potion of sleeping 3 potions of unholy water a cursed ring of aggravate monster a cursed ring of conflict a cursed -2 ring of gain strength a cursed -2 ring of increase accuracy a cursed ring of shock resistance a cursed ring of stealth a cursed ring of teleport control an uncursed wand of digging (0:7) a cursed wand of lightning (0:5) an uncursed wand of magic missile (0:5) an uncursed wand of make invisible (0:8) an uncursed wand of slow monster (0:5) a cursed wand of speed monster (0:4) an uncursed wand of striking (0:6) an uncursed wand of striking (0:5) a cursed frost horn (0:5) an uncursed brass lantern a cursed can of grease (0:7) an uncursed expensive camera (0:63) an uncursed magic marker (0:96) an uncursed magic marker (0:21) a cursed magic marker (0:22) a cursed magic marker (0:19) an uncursed oil lamp a cursed oil lamp an uncursed aquamarine stone an uncursed dilithium crystal 2 uncursed emeralds a cursed emerald an uncursed fluorite stone a cursed jade stone an uncursed obsidian stone a cursed topaz stone 4 cursed worthless pieces of black glass 3 cursed worthless pieces of blue glass an uncursed worthless piece of orange glass a cursed worthless piece of orange glass a cursed worthless piece of violet glass 3 cursed worthless pieces of yellowish brown glass Spontiff the Healer's attributes: Background: You were a Rhizotomist, a level 1 male gnomish Healer. You were neutral, on a mission for Hermes who was opposed by Athena (lawful) and Poseidon (chaotic). You were right-handed. You were in the Dungeons of Doom, on level 1. You entered the dungeon 15863 turns ago. You had 1 experience point, 19 more were needed to attain level 2. Your score was 1225 before end-of-game adjustments. Basics: You had all 33 hit points. You had no energy points (spell power). Your armor class was -9. Your wallet was empty, but you had 2681 zorkmids stashed away in your pack. Autopickup was off. Final Characteristics: Your strength was 8 (peak:9, limit:18/50). Your dexterity was 8 (peak:9, limit:18). Your constitution was 18 (limit:18). Your intelligence was 9 (limit:19). Your wisdom was 16 (limit:18). Your charisma was 18 (limit:18). Final Status: You weren't hungry. You were burdened; movement was slightly slowed. You were empty handed. You were unskilled in bare handed combat. Final Attributes: You were fervently aligned. You were cold resistant. You were sleep resistant. You were poison resistant. You were telepathic. You had infravision. You had a moderate defense bonus (+9). You were protected. You were lucky. You had extra luck. Bad luck did not time out for you. Good luck did not time out for you. You survived. Miscellaneous: You encountered 4 bones levels. Total elapsed playing time was 3 hours, 31 minutes and 44 seconds. Major events: Turn 1: spontiff the neutral male gnomish Healer entered the dungeon 905: entered the Gnomish Mines 3010: reached Mine Town 15863: escaped Vanquished creatures: a watch captain 2 ghosts a giant mimic a stalker a water demon 2 small mimics a warhorse a large dog a tengu 4 watchmen 3 leprechauns a bugbear an imp a wood nymph a water nymph 8 rock piercers 2 rock moles 2 ponies 5 fog clouds 2 yellow lights 5 shriekers 3 gnome leaders 3 gnomish wizards 2 kobold mummies 3 gray oozes 2 straw golems 4 paper golems 13 giant ants a little dog 17 floating eyes 4 kittens 13 dwarves 6 homunculi 3 kobold leaders 2 kobold shamans 2 hill orcs 8 rothes a rabid rat 7 giant bats 6 orc zombies 8 dwarf zombies 4 wererats a werejackal 9 iguanas 7 acid blobs 3 coyotes 6 gas spores 8 hobbits 2 manes 4 large kobolds 3 hobgoblins 9 giant rats 6 cave spiders a brown mold 5 yellow molds 2 green molds 4 red molds 22 gnomes 7 garter snakes 5 gnome zombies 13 geckos 8 jackals 2 foxes 3 kobolds 13 goblins 13 sewer rats 22 grid bugs 4 bats 15 lichens 9 kobold zombies 28 newts 392 creatures vanquished. No species were genocided or became extinct. Voluntary challenges: You never hit with a wielded weapon. You read items or engraved 11 times. You never engraved Elbereth. You never genocided any monsters. You never polymorphed an object. You used no wishes. Achievements: You entered the Gnomish Mines. You entered a temple. You entered Minetown. You entered a shop. The Dungeons of Doom: levels 1 to 7 Level 1: <- You left from here. Level 2: Level 3: A general store. Stairs down to The Gnomish Mines. Level 4: Level 5: Final resting place for wink42-Wiz-Hum-Mal-Neu, killed by a giant ant. Level 6: "Stashlet" Many fountains. Oracle of Delphi. Final resting place for andrewi-Mon-Hum-Mal-Law, killed by a bolt of fire zapped by himself. Level 7: The Gnomish Mines: levels 4 to 11 Level 4: Level 5: Level 6: "Stashlet" Level 7: Some shops, a temple and an altar, some fountains. Level 8: Level 9: A grave. Final resting place for rourke-Wiz-Hum-Fem-Neu, killed by a Woodland-elf. Level 10: A grave. Final resting place for Dictyostelium-Kni-Hum-Fem-Law, killed by a cockatrice. Level 11: Goodbye spontiff the Healer... You and the large cat escaped from the dungeon with 21747 points, 13 worthless pieces of colored glass, 5 emeralds (worth 12500 zorkmids), 1 dilithium crystal (worth 4500 zorkmids), 1 aquamarine stone (worth 1500 zorkmids), 1 topaz stone (worth 900 zorkmids), 1 fluorite stone (worth 400 zorkmids), 1 obsidian stone (worth 200 zorkmids), 1 jade stone (worth 300 zorkmids), 1 amulet of guarding (worth 150 zorkmids), and 2681 pieces of gold, after 15863 moves. You were level 1 with a maximum of 33 hit points when you escaped.